 Dungeon Crawl Stone Soup version 0.29.1-4-g47bece8355 (webtiles) character file.

Game seed: 7483422026708300582

327 concernfroge the Trooper (level 6, -3/55 HPs)
             Began as a Mummy Monk on Dec 10, 2022.
             Slain by a scorpion (5 damage)
             ... on level 4 of the Dungeon.
             The game lasted 00:12:22 (3777 turns).

concernfroge the Trooper (Mummy Monk)               Turns: 3777, Time: 00:12:23

Health: -3/55      AC: 10    Str: 16    XL:     6   Next: 24%
Magic:  6/6        EV:  7    Int:  9    God:
Gold:   120        SH:  0    Dex: 15    Spells: 5/5 levels left

rFire   . . .      SeeInvis .   f - +0 morningstar (protect)
rCold   . . .      Faith    .   (no shield)
rNeg    + + +      Spirit   .   c - +0 chain mail
rPois   ∞          Reflect  .   d - +2 hat
rElec   .          Harm     .   (no cloak)
rCorr   .          Rampage  .   (no gloves)
Will    .....                   (no boots)
Stlth   ..........              (no amulet)
HPRegen 0.18/turn               b - ring of fire
MPRegen 0.10/turn               (no ring)

@: weak-willed
A: cold resistance 1, negative energy resistance 3, torment resistance 2, heat
vulnerability 1, in touch with death 1, no potions
a: no special abilities


You were on level 4 of the Dungeon.
You visited 2 branches of the dungeon, and saw 5 of its levels.

You collected 120 gold pieces.

Inventory:

Hand Weapons
 f - a +0 morningstar of protection (weapon)
Missiles
 g - 3 poisoned darts (quivered)
Armour
 c - a +0 chain mail (worn)
 d - a +2 hat (worn)
Jewellery
 b - a ring of fire (left hand)
Wands
 k - a wand of flame (5)
Scrolls
 e - a scroll of magic mapping


   Skills:
 + Level 7.1 Fighting
 - Level 2.4 Polearms
 - Level 2.4 Dodging
 - Level 1.5 Stealth


You had 5 spell levels left.
You didn't know any spells.
Your spell library contained the following spells:

 Spells                   Type           Power      Damage    Failure   Level
 Dazzling Flash           Conj/Hex       0%         N/A       100%        3
 Agony                    Necr           0%         N/A       100%        5
 Silence                  Hex/Air        0%         N/A       100%        5


Dungeon Overview and Level Annotations

Branches:
Dungeon (4/15)             Temple (1/1) D:4

Altars:
Cheibriados
Dithmenos
Fedhas
Hepliaklqana
Makhleb
Nemelex Xobeh
Okawaru
Qazlal
Vehumet
Wu Jian
Xom
Yredelemnul

Annotations:
D:2 Natasha
D:3 exclusion: downstairs


Innate Abilities, Weirdness & Mutations

You are immune to poison.
Your flesh is cold resistant. (rC+)
You are immune to negative energy. (rN+++)
You are immune to unholy pain and torment.
You are vulnerable to heat. (rF-)
You are in touch with the powers of death.
You do not drink.


Message History

The scorpion completely misses you.
The gnoll hits you but does no damage. x3
The scorpion stings you but does no damage.
You hit the gnoll.
The gnoll is severely wounded.
The gnoll hits you but does no damage.
The gnoll hits you from afar with a +0 spear!
The gnoll hits you but does no damage. The gnoll closely misses you.
The scorpion stings you but does no damage.
The gnoll hits you but does no damage. x2; The gnoll completely misses you.
You closely miss the gnoll.
The gnoll is severely wounded.
The scorpion stings you but does no damage.
The gnoll barely misses you. The gnoll hits you but does no damage.
The gnoll hits you with a +0 flail.
The gnoll hits you from afar with a +0 spear!
The scorpion stings you but does no damage.
You sock the gnoll!
You kill the gnoll!
The scorpion barely misses you. The gnoll hits you but does no damage.
The gnoll closely misses you. The gnoll hits you but does no damage.
The scorpion stings you but does no damage.
The gnoll hits you from afar with a +0 spear. x3
The scorpion stings you but does no damage.
There is an open door here.
The scorpion stings you.
* * * LOW HITPOINT WARNING * * *
You open the door. The scorpion stings you.
* * * LOW HITPOINT WARNING * * *
There is an open door here.
The scorpion stings you but does no damage.
The scorpion attacks as you move away!
The scorpion stings you but does no damage.
The scorpion stings you.
* * * LOW HITPOINT WARNING * * *
The scorpion attacks as you move away!
The scorpion stings you but does no damage.
The scorpion stings you.
* * * LOW HITPOINT WARNING * * *
The scorpion attacks as you move away! The scorpion stings you.
You die...

##.#
####†##..... #.#
####.g..##.⌠.⌠)
#.#
#....##..g..>..
#.#
##g########g⌠.⌠.
#.## #..# #.....
#..# #g## ###'##
###.####.#
#.....
#.....#s.#
#.....
#.###.@.##
###### #....>###
#####.# #.# #.#
(.# ###


You could see a scorpion (weak-willed) and 2 gnolls.

Vanquished Creatures
  Menkaure (D:4)
  A jelly (D:4)
  A hound (D:4)
  Jessica (D:2)
  An orc wizard (D:4)
  A gnoll (D:4)
  3 adders
  A worm (D:3)
  4 orcs (D:4)
  7 ball pythons
  3 endoplasms
  6 hobgoblins
  4 jackals
  2 kobolds
  3 quokkas
  4 bats
  3 frilled lizards
  5 goblins
  6 rats
57 creatures vanquished.

Vanquished Creatures (others)
  A plant (D:3)
1 creature vanquished.

Grand Total: 58 creatures vanquished

Notes
Turn   | Place    | Note
-------+----------+-------------------------------------------
     0 | D:1      | concernfroge the Mummy Monk began the quest for the Orb.
     0 | D:1      | Reached XP level 1. HP: 18/18 MP: 1/1
   265 | D:1      | Reached XP level 2. HP: 21/24 MP: 2/2
  1003 | D:2      | Noticed Jessica
  1032 | D:2      | Reached skill level 4 in Fighting
  1032 | D:2      | Gained mutation: You are in touch with the powers of death.
                  | [Mummy growth]
  1032 | D:2      | Reached XP level 3. HP: 11/30 MP: 3/3
  1240 | D:2      | Killed Jessica
  1483 | D:2      | Noticed Natasha
  1508 | D:2      | Reached XP level 4. HP: 3/38 MP: 4/4
  1869 | D:3      | Reached skill level 5 in Fighting
  2818 | D:4      | Noticed a scorpion
  3373 | D:4      | Reached XP level 5. HP: 39/46 MP: 5/5
  3424 | D:4      | Noticed Menkaure
  3434 | D:4      | Killed Menkaure
  3435 | D:4      | Reached skill level 6 in Fighting
  3435 | D:4      | Reached XP level 6. HP: 30/53 MP: 6/6
  3605 | D:4      | Reached skill level 7 in Fighting
  3720 | D:4      | Found a staircase to the Ecumenical Temple.
  3740 | Temple   | Entered the Ecumenical Temple
  3775 | D:4      | HP: 2/55 [scorpion (3)]
  3777 | D:4      | Slain by a scorpion

Illustrated notes

Levels and vault maps discovered:
D:1:      arrival_zaba_pyramid, layout_loops_ring, hangedman_decor_points,
          grunt_decor_mini_mirrors
D:2:      minmay_wonky_spiral, layout_loops_ring, grunt_decor_fettered,
          uniq_natasha, uniq_jessica
D:3:      layout_loops_ring, serial_forest, infiniplex_forest_end_3,
          infiniplex_forest_straight_4, infiniplex_forest_clump_small,
          infiniplex_forest_clump_cross, infiniplex_forest_clump_double,
          infiniplex_forest_clump_diagonal, infiniplex_forest_end_3,
          st_stairs_13
D:4:      layout_basic, minmay_temple_entry_hall, nicolae_wormholes,
          uniq_menkaure
Temple:   nicolae_temple_no_exploring_needed

Skill      XL: |  1  2  3  4  5  6 |
---------------+-------------------+-----
Fighting       | 4 5 6 7 |  7.1
Polearms       | |  2.4
Dodging        | |  2.4
Stealth        | |  1.5

Action                   |  1- 3 |  4- 6 || total
-------------------------+-------+-------++-------
Melee: War axe           |    78 |     9 ||    87
       Morningstar       |       |    80 ||    80
       Punch             |       |     2 ||     2
Throw: Dart              |       |     4 ||     4
Evoke: Wand              |       |     6 ||     6
  Use: Scroll            |     7 |     3 ||    10
 Stab: Sleeping          |     4 |       ||     4
Armor: Robe              |    41 |     8 ||    49
       Scale mail        |       |    19 ||    19
       Chain mail        |       |    45 ||    45
Dodge: Dodged            |    76 |    52 ||   128
